 Dungeon Crawl Stone Soup version 0.19.1-1-g22dce08 (webtiles) character file.

1460 Alarkh the Cleaver (level 8, 0/58 HPs)
             Began as a Demonspawn Monk on Jan 12, 2017.
             Slain by an ice beast (12 damage)
             ... on level 6 of the Dungeon.
             The game lasted 00:12:07 (7408 turns).

Alarkh the Cleaver (Demonspawn Monk)                Turns: 7408, Time: 00:12:08

Health: 0/58       AC:  5    Str: 11    XL:     8   Next: 48%
Magic:  8/8        EV: 13    Int: 15    God:
Gold:   250        SH:  0    Dex: 15    Spells: 0 memorised, 7 levels left

rFire  . . .     SeeInvis .     p - +2 flail (crush)
rCold  . . .     Gourm    .     n - +0 robe
rNeg   . . .     Faith    .     (no shield)
rPois  .         Spirit   .     (no helmet)
rElec  .         Reflect  .     x - +0 cloak
rCorr  .         Harm     .     d - +0 pair of gloves
MR     .....                    t - +0 pair of boots
Stlth  ++++......               (no amulet)
                                (no ring)
                                (no ring)

@: drained
A: claws 2, demonic guardian 2, nightstalker 2
a: no special abilities


You were on level 6 of the Dungeon.
You were near starving.

You visited 2 branches of the dungeon, and saw 7 of its levels.

You collected 250 gold pieces.

Inventory:

Hand Weapons
 a - a +0 hand axe
 b - a +2 dagger of venom
 o - a +5 club
 p - a +2 flail of crushing (weapon)
 w - a +0 spear of venom
Armour
 d - a +0 pair of gloves (worn)
 n - a +0 robe (worn)
 t - a +0 pair of boots (worn)
 x - a +0 cloak (worn)
Jewellery
 v - the ring "Ponoll" {rElec rC- Int+3 Dex+7}
   (You found it on level 4 of the Dungeon)

   [ring of intelligence]

   It affects your intelligence (+3).
   It affects your dexterity (+7).
   It makes you vulnerable to cold.
   It insulates you from electricity.
 z - a +4 ring of protection {unknown}
Wands
 q - a wand of flame (32/48)
 y - a wand of slowing (21/48)
Scrolls
 e - 2 scrolls of identify
 h - a scroll of fear
 i - 2 scrolls of enchant armour {unknown}
 k - a scroll of amnesia {unknown}
 m - 2 scrolls of immolation {unknown}
 r - 3 scrolls of teleportation {unknown}
Potions
 j - a potion of curing
 l - 2 potions of brilliance
 s - a potion of lignification {unknown}
 A - a potion of cure mutation {unknown}
Comestibles
 c - 3 bread rations
 u - a royal jelly


   Skills:
 - Level 3.0(2.9) Fighting
 + Level 10.0 Axes
 - Level 2.6 Dodging
 - Level 1.7 Stealth


You had 7 spell levels left.
You didn't know any spells.

Dungeon Overview and Level Annotations

Branches:
Dungeon (6/15)             Temple (1/1) D:4

Altars:
Ashenzari
Cheibriados
Dithmenos
Elyvilon
Fedhas
Kikubaaqudgha
Makhleb
Nemelex Xobeh
Ru
Sif Muna
Uskayaw
Vehumet
Xom
Yredelemnul
Zin
The Shining One

Annotations:
D:2 exclusion: downstairs


Innate Abilities, Weirdness & Mutations

You have very sharp fingernails.
A demonic guardian rushes to your aid.
You are significantly more attuned to the shadows.


Message History

You closely miss the ice beast. The ice beast barely misses you.
Your ice devil hits the ice beast.
Your ice devil freezes the ice beast.
The ice beast completely resists.
You are near starving!
You barely miss the ice beast.
The ice beast is lightly wounded.
The ice beast hits you. The ice beast freezes you!
Your ice devil barely misses the ice beast.
You barely miss the ice beast.
The ice beast is lightly wounded.
The ice beast hits you. The ice beast freezes you!
* * * LOW HITPOINT WARNING * * *
Your ice devil hits the ice beast!
Your ice devil freezes the ice beast.
The ice beast completely resists.
You barely miss the ice beast.
The ice beast is heavily wounded.
The ice beast hits you.
* * * LOW HITPOINT WARNING * * *
The ice beast freezes you!
You die...

.. ##.§...
...##§§..§§
......§#§§§..§§
......§§§§§..§§.
......§§§§§§_§...
.....4...§§...§..
.....Y.#§§§§..§§.
.....@.##§§Z.§§§#
........###§w..§#
#
.........####...#
##
............#...#
.##
...............###
..##
............####
...##
...........##
....##
#........###
.....## #......##
#


You could see an ice beast and a friendly ice devil.

Vanquished Creatures
  An ogre (D:4)
  A centaur (D:3)
  A bullfrog (D:6)
  A wyvern skeleton (D:6)
  A wight (D:5)
  2 vampire bats (D:3)
  A crimson imp (D:5)
  A centaur zombie (D:6)
  A jelly (D:5)
  A hound (D:2)
  An orc priest (D:4)
  An orc wizard (D:4)
  Crazy Yiuf (D:3)
  3 worker ants
  12 gnolls
  7 adders
  A shadow imp (D:6)
  2 oozes
  6 worms
  2 dart slugs
  A leopard gecko (D:1)
  18 orcs
  A ball python (D:4)
  8 giant cockroaches
  14 goblins
  8 hobgoblins
  2 jackals (D:4)
  8 kobolds
  2 quokkas
  14 bats
  2 frilled lizards
  2 quokka skeletons (D:4)
  4 rats
  A fungus (D:3)
132 creatures vanquished.

Vanquished Creatures (collateral kills)
  Grinder (D:6)
  The ghost of Paps the Cudgeler, an amateur TrBe of Trog (D:4)
  3 ogres (D:4)
  A centaur (D:5)
  Jessica (D:3)
  2 orc wizards
  A gnoll (D:5)
  An adder (D:4)
  A worm (D:2)
  2 orcs (D:4)
  A ball python (D:3)
  4 bats (D:3)
19 creatures vanquished.

Vanquished Creatures (others)
  An orc (D:3)
1 creature vanquished.

Grand Total: 152 creatures vanquished

Notes
Turn   | Place    | Note
-------+----------+-------------------------------------------
     0 | D:1      | Alarkh the Demonspawn Monk began the quest for the Orb.
     0 | D:1      | Reached XP level 1. HP: 18/18 MP: 1/1
    86 | D:1      | Reached skill level 3 in Axes
   114 | D:1      | Gained mutation: You are slightly more attuned to the shadows. [demonic ancestry]
   114 | D:1      | Reached XP level 2. HP: 23/24 MP: 2/2
   540 | D:2      | Gained mutation: A weak demonic guardian rushes to your aid. [demonic ancestry]
   540 | D:2      | Reached XP level 3. HP: 16/29 MP: 3/3
  1107 | D:3      | Found a sacrificial altar of Ru.
  1110 | D:3      | Reached skill level 4 in Axes
  1403 | D:3      | Noticed Jessica
  1409 | D:3      | Killed Jessica
  1409 | D:3      | Reached XP level 4. HP: 31/35 MP: 4/4
  2282 | D:2      | Reached skill level 5 in Axes
  2690 | D:2      | Found a burning altar of Makhleb.
  2910 | D:3      | Gained mutation: You are significantly more attuned to the shadows. [demonic ancestry]
  2910 | D:3      | Reached XP level 5. HP: 41/41 MP: 5/5
  2915 | D:3      | Noticed a centaur
  2923 | D:3      | Killed a centaur
  3158 | D:3      | Found a basalt altar of Yredelemnul.
  3213 | D:3      | Found a glowing golden altar of the Shining One.
  3216 | D:3      | Noticed an angel
  3470 | D:3      | Reached skill level 6 in Axes
  3471 | D:3      | Gained mutation: You have sharp fingernails. [demonic ancestry]
  3471 | D:3      | Reached XP level 6. HP: 42/47 MP: 6/6
  3552 | D:3      | Noticed a profane servitor
  3633 | D:3      | Found a snail-covered altar of Cheibriados.
  3700 | D:3      | Found a runed door.
  4049 | D:4      | Noticed Paps's ghost (amateur TrBe)
  4189 | D:4      | Reached skill level 7 in Axes
  4468 | D:4      | Found an ancient bone altar of Kikubaaqudgha.
  4495 | D:4      | Gained mutation: A demonic guardian rushes to your aid. [demonic ancestry]
  4495 | D:4      | Reached XP level 7. HP: 20/52 MP: 7/7
  4535 | D:4      | Killed Paps's ghost
  4622 | D:4      | Found a staircase to the Ecumenical Temple.
  4636 | Temple   | Entered the Ecumenical Temple
  4928 | D:4      | Reached skill level 8 in Axes
  5076 | D:4      | Got a coiled golden ring
  5132 | D:4      | Identified the ring "Ponoll" {rElec rC- Int+3 Dex+7} (You found it on level 4 of the Dungeon)
  5211 | D:3      | Noticed Crazy Yiuf
  5901 | D:3      | Found a sacrificial altar of Ru.
  5950 | D:3      | Found a basalt altar of Yredelemnul.
  5962 | D:3      | Found a glowing golden altar of the Shining One.
  6176 | D:3      | Killed Crazy Yiuf
  6213 | D:5      | Entered Level 5 of the Dungeon
  6276 | D:5      | Found a sparkling altar of Nemelex Xobeh.
  6381 | D:5      | Reached skill level 9 in Axes
  6381 | D:5      | Gained mutation: You have very sharp fingernails. [demonic ancestry]
  6381 | D:5      | Reached XP level 8. HP: 28/58 MP: 8/8
  7000 | D:6      | Found a shadowy altar of Dithmenos.
  7018 | D:6      | Noticed Grinder
  7028 | D:6      | Killed Grinder
  7387 | D:6      | Reached skill level 10 in Axes
  7408 | D:6      | Slain by an ice beast

Skill      XL: |  1  2  3  4  5  6  7  8 |
---------------+-------------------------+-----
Axes           | 3 4 5 6 7 9 10 | 10.0
Fighting       | |  3.0
Dodging        | |  2.6
Stealth        | |  1.7

Action                   |  1- 3 |  4- 6 |  7- 9 || total
-------------------------+-------+-------+-------++-------
Melee: Hand axe          |    90 |    55 |       ||   145
       Dagger            |     7 |       |       ||     7
       Club              |       |    23 |       ||    23
       Flail             |       |    84 |   186 ||   270
       Spear             |       |       |    23 ||    23
  Use: Potion            |     1 |       |     5 ||     6
       Scroll            |       |     3 |     1 ||     4
 Stab: Sleeping          |     9 |     8 |     8 ||    25
       Distracted        |     1 |     2 |       ||     3
       Invisible         |       |       |     5 ||     5
  Eat: Chunk             |     2 |     9 |     9 ||    20
Armor: Robe              |    32 |    35 |    30 ||    97
Dodge: Dodged            |    72 |   124 |   145 ||   341
